[Event "ICC tourney 2791 (30 10)"]
[Site "Internet Chess Club"]
[Date "2022.01.08"]
[Round "4"]
[White "GOVINDARAJULA, PRANAY SIDDHARTH:K06-17345554"]
[Black "LIU, ZACHARY HANKUN:K03-17349625"]
[Result "1/2-1/2"]
[ICCResult "Game drawn by repetition"]
[WhiteElo "1543"]
[BlackElo "1610"]
[Opening "Sicilian defense"]
[ECO "B30"]
[NIC "SI.31"]
[Time "19:00:24"]
[PlyCount "93"]
[TimeControl "1800+10"]

1. e4 c5 2. Nf3 Nc6 3. c3 d5 4. exd5 Qxd5 5. d4 Bg4 6. Be2 e6 7. Be3 cxd4 8.
cxd4 Nf6 9. Nc3 Qd6 10. O-O Be7 11. Nb5 Qd8 12. Ne5 Bxe2 13. Qxe2 O-O 14.
Rfd1 Nd5 15. Nxc6 bxc6 16. Nc3 Qb6 17. Rac1 Rab8 18. b3 Ba3 19. Rc2 Nb4 20.
Rcd2 Nd5 21. Nxd5 cxd5 22. Qg4 f5 23. Qh4 Rbc8 24. Rd3 Bd6 25. Bg5 Qb7 26.
Rh3 g6 27. Re1 Qf7 28. Bf6 h5 29. Be5 Bxe5 30. dxe5 Qg7 31. f4 Rc2 32. a3
Rfc8 33. Rg3 Rc1 34. Rg5 Rxe1+ 35. Qxe1 Kh7 36. h3 Qb7 37. b4 Rc4 38. Qg3
Qf7 39. Qf3 Rc1+ 40. Kh2 Rc4 41. Qf2 Qc7 42. Qg3 Qf7 43. Qf2 Qc7 44. Qg3 Qf7
45. Qf2 Qc7 46. Qg3 Qf7 47. Qf2 {Game drawn by repetition} 1/2-1/2

[Event "ICC tourney 2791 (30 10)"]
[Site "Internet Chess Club"]
[Date "2022.01.08"]
[Round "4"]
[White "AMMASANI, SMAYAN:Chessamma"]
[Black "Jones, Richard S:weakfish"]
[Result "0-1"]
[ICCResult "White checkmated"]
[WhiteElo "1546"]
[BlackElo "1422"]
[Opening "Caro-Kann: Tartakower (fantasy) variation"]
[ECO "B12"]
[NIC "CK.02"]
[Time "19:00:27"]
[PlyCount "122"]
[TimeControl "1800+10"]

1. e4 c6 2. d4 d5 3. f3 dxe4 4. fxe4 h6 5. Nf3 Bg4 6. Be2 Nf6 7. Nc3 e6 8.
a3 Be7 9. O-O Nbd7 10. Bf4 O-O 11. Qd2 Kh7 12. Qd3 g6 13. Qd2 Ng8 14. Rad1
Rc8 15. Kh1 Qb6 16. Na4 Qd8 17. c4 a6 18. Nc3 Ndf6 19. d5 cxd5 20. exd5 exd5
21. cxd5 Qa5 22. b4 Qxa3 23. Be5 Qxb4 24. Rb1 Qa5 25. Rxb7 Bb4 26. Qf4 Bxc3
27. Rc7 Rxc7 28. Bxc7 Qxd5 29. Bd6 Re8 30. Bc4 Qf5 31. Qxf5 Bxf5 32. Bxf7
Rd8 33. Bg3 Ne4 34. Bc4 Nxg3+ 35. hxg3 Nf6 36. Nh4 Bd3 37. Bxd3 Rxd3 38. Rb1
Rd7 39. Rc1 Be5 40. Kh2 h5 41. Rc5 Bd4 42. Rc1 Kh6 43. Rb1 Ng4+ 44. Kh3 Nf2+
45. Kh2 Be5 46. Rf1 Ng4+ 47. Kh3 Rd3 48. Nf3 Bd6 49. Rc1 Ne5 50. Nh4 Nf7 51.
Nf3 a5 52. Kh2 Ng5 53. Rf1 a4 54. Nxg5 Kxg5 55. Rf3 Rxf3 56. gxf3 a3 57. f4+
Bxf4 58. gxf4+ Kxf4 59. Kh3 a2 60. Kh4 a1=Q 61. Kh3 Qh1# {White checkmated}
0-1

[Event "ICC tourney 2791 (30 10)"]
[Site "Internet Chess Club"]
[Date "2022.01.08"]
[Round "4"]
[White "RAMKUMAR, NIKHIL:nikhilramkumar"]
[Black "AHN, WILLIAM TK:kitook"]
[Result "0-1"]
[ICCResult "White forfeits on time"]
[WhiteElo "1271"]
[BlackElo "896"]
[Opening "Giuoco Piano"]
[ECO "C54"]
[NIC "IG.02"]
[Time "19:00:45"]
[PlyCount "126"]
[TimeControl "1800+10"]

1. e4 e5 2. Nf3 Nc6 3. Bc4 Bc5 4. c3 Nf6 5. d4 exd4 6. cxd4 Bb4+ 7. Nc3 Nxe4
8. O-O Bxc3 9. bxc3 d5 10. Re1 O-O 11. Qd3 Re8 12. Bb3 Bf5 13. Bb2 Qd7 14.
Nh4 Be6 15. Rad1 Qe7 16. f3 Nd6 17. g3 g5 18. Ng2 Qf6 19. Bc2 Bf5 20. Qd2
Nc4 21. Qc1 Bxc2 22. Qxc2 Qxf3 23. Rf1 Qe4 24. Qf2 Qg6 25. Bc1 Re7 26. Qf5
Rae8 27. Qxg6+ hxg6 28. Bxg5 Re2 29. Bf6 Rxa2 30. Rde1 Rae2 31. Rxe2 Rxe2
32. Nf4 Re8 33. Rb1 N6a5 34. Nxd5 c6 35. Ne7+ Kh7 36. Rf1 Ne3 37. Rf4 Nf5
38. Nxf5 gxf5 39. Rxf5 b6 40. Be5 Re7 41. Bf6 Rd7 42. Be5 Nc4 43. Bf4 a5 44.
Rh5+ Kg8 45. Rg5+ Kf8 46. Rf5 a4 47. Bh6+ Ke8 48. Bg7 a3 49. Rf1 a2 50. Ra1
Ra7 51. Bf6 Nd2 52. c4 Nb3 53. Re1+ Kf8 54. d5 cxd5 55. cxd5 a1=Q 56. Bxa1
Rxa1 57. Rxa1 Nxa1 58. h4 b5 59. h5 Nb3 60. d6 Nc5 61. h6 b4 62. Kf2 b3 63.
Ke3 b2 {White forfeits on time} 0-1

[Event "ICC tourney 2791 (30 10)"]
[Site "Internet Chess Club"]
[Date "2022.01.08"]
[Round "4"]
[White "PONNA, NIMAI:fromdaus214"]
[Black "DUDIPALA, DAKSH:swathivjdp"]
[Result "1-0"]
[ICCResult "Black forfeits on time"]
[WhiteElo "1464"]
[BlackElo "1406"]
[Opening "Sicilian: Sozin, not Scheveningen"]
[ECO "B57"]
[NIC "SI.25"]
[Time "19:00:27"]
[PlyCount "143"]
[TimeControl "1800+10"]

1. e4 c5 2. Nf3 Nc6 3. d4 cxd4 4. Nxd4 Nf6 5. Nc3 d6 6. Bc4 g6 7. O-O Bg7 8.
Be3 O-O 9. Qd2 a6 10. Bb3 Ng4 11. Nxc6 bxc6 12. h3 Nf6 13. f4 Bb7 14. Rad1
Qc7 15. a3 Kh8 16. f5 Rad8 17. Bh6 c5 18. Bd5 Bxd5 19. Bxg7+ Kxg7 20. Nxd5
Nxd5 21. Qxd5 Qb6 22. b3 c4+ 23. Kh1 cxb3 24. cxb3 Qc5 25. fxg6 hxg6 26.
Rxf7+ Rxf7 27. Qxc5 Rf1+ 28. Rxf1 dxc5 29. Rc1 Rc8 30. Rc4 Rb8 31. Rxc5 Rxb3
32. Ra5 Rb6 33. Kg1 Kf6 34. Kf2 Ke6 35. Kf3 Kf6 36. Kf4 Kf7 37. g4 Kg7 38.
h4 Re6 39. Re5 Rf6+ 40. Kg5 Kf7 41. h5 gxh5 42. gxh5 Rb6 43. h6 Rb1 44. Ra5
Rb6 45. Rf5+ Kg8 46. h7+ Kxh7 47. Rf7+ Kg8 48. Rxe7 Rb3 49. a4 Rb4 50. a5
Rb5+ 51. Kg6 Kf8 52. Ra7 Rxa5 53. Kf6 Ke8 54. Ke6 Kd8 55. Kd6 Kc8 56. e5 Ra1
57. e6 Rd1+ 58. Ke7 Re1 59. Rxa6 Kc7 60. Rd6 Rf1 61. Rd7+ Kc8 62. Ke8 Re1
63. e7 Rf1 64. Rd6 Kc7 65. Re6 Rf2 66. Re3 Rf1 67. Rc3+ Kb7 68. Kd7 Rd1+ 69.
Ke6 Re1+ 70. Kf7 Rf1+ 71. Ke8 Kb8 72. Rc6 {Black forfeits on time} 1-0

[Event "ICC tourney 2791 (30 10)"]
[Site "Internet Chess Club"]
[Date "2022.01.08"]
[Round "5"]
[White "Karthi, Jashith:jazzk"]
[Black "BOGIN, THEODORE:tbogin1"]
[Result "1-0"]
[ICCResult "Black resigns"]
[WhiteElo "1392"]
[BlackElo "1492"]
[Opening "Budapest: Adler variation"]
[ECO "A52"]
[NIC "QG.01"]
[Time "21:00:28"]
[PlyCount "49"]
[TimeControl "1800+10"]

1. d4 Nf6 2. c4 e5 3. dxe5 Ng4 4. Nf3 Bc5 5. e3 Nc6 6. Be2 Ngxe5 7. O-O O-O
8. Nc3 Nxf3+ 9. Bxf3 a5 10. a3 Ra6 11. Rb1 Ne5 12. b4 axb4 13. axb4 Ba7 14.
Be2 Rh6 15. e4 Qh4 16. Bxh6 gxh6 17. Nb5 Bb8 18. f4 c6 19. Qe1 Qe7 20. fxe5
cxb5 21. cxb5 Ba7+ 22. Kh1 Kh8 23. Qc3 Rg8 24. e6+ Rg7 25. Rxf7 {Black
resigns} 1-0

[Event "ICC tourney 2791 (30 10)"]
[Site "Internet Chess Club"]
[Date "2022.01.08"]
[Round "5"]
[White "Jones, Richard S:weakfish"]
[Black "CHENG, ADRIEN WEIHENG:hi321"]
[Result "0-1"]
[ICCResult "White checkmated"]
[WhiteElo "1422"]
[BlackElo "1519"]
[Opening "Ruy Lopez: 5.O-O"]
[ECO "C78"]
[NIC "RL.12"]
[Time "21:01:22"]
[PlyCount "38"]
[TimeControl "1800+10"]

1. e4 e5 2. Nf3 Nc6 3. Bb5 a6 4. Ba4 Nf6 5. O-O b5 6. Bb3 Bc5 7. d3 h6 8.
Nc3 d6 9. h3 g5 10. Be3 g4 11. hxg4 Bxg4 12. Bxc5 dxc5 13. Nd5 Nd4 14. Ne3
Bxf3 15. gxf3 Rg8+ 16. Ng2 Nh5 17. c3 Nf4 18. cxd4 Rxg2+ 19. Kh1 Qh4#
{White checkmated}
0-1

[Event "ICC tourney 2791 (30 10)"]
[Site "Internet Chess Club"]
[Date "2022.01.08"]
[Round "5"]
[White "ZAYAS, PETER:Chessplayertwo"]
[Black "SHI, WARREN:warren200"]
[Result "1-0"]
[ICCResult "Black resigns"]
[WhiteElo "1336"]
[BlackElo "822"]
[Opening "English opening"]
[ECO "A21"]
[NIC "EO.23"]
[Time "21:00:34"]
[PlyCount "95"]
[TimeControl "1800+10"]

1. c4 e5 2. Nc3 Bc5 3. g3 Nc6 4. Bg2 Nf6 5. a3 a5 6. e3 O-O 7. Nge2 d6 8.
O-O Bg4 9. h3 Bf5 10. d4 exd4 11. exd4 Bb6 12. Bg5 h6 13. Bxf6 Qxf6 14. d5
Nd4 15. b3 Nxe2+ 16. Nxe2 Qe7 17. Re1 Qd7 18. g4 Bg6 19. Qd2 Qe7 20. Nf4 Qf6
21. Nxg6 Qxg6 22. Ra2 Qf6 23. Kh2 Rfe8 24. Re2 c6 25. dxc6 bxc6 26. Bxc6
Rxe2 27. Qxe2 Rc8 28. Bd5 Qe5+ 29. Qxe5 dxe5 30. Re2 Kh7 31. Bxf7 Rf8 32.
Bd5 Rxf2+ 33. Rxf2 Bxf2 34. Kg2 Bc5 35. a4 Kg6 36. h4 h5 37. Kf3 hxg4+ 38.
Kxg4 Kf6 39. h5 Be3 40. Be4 Bd2 41. Bg6 Be3 42. Kf3 Bc1 43. Ke4 Bd2 44. Kd5
Kg5 45. c5 Kf4 46. c6 e4 47. Bxe4 g5 48. hxg6 {Black resigns} 1-0

[Event "ICC tourney 2791 (30 10)"]
[Site "Internet Chess Club"]
[Date "2022.01.08"]
[Round "5"]
[White "DUDIPALA, DAKSH:swathivjdp"]
[Black "Bharathy Mohan, Aarav Sai:aaravbm"]
[Result "1-0"]
[ICCResult "Black checkmated"]
[WhiteElo "1406"]
[BlackElo "709"]
[Opening "Bishop's opening: Classical variation"]
[ECO "C23"]
[NIC "IG.04"]
[Time "21:00:31"]
[PlyCount "51"]
[TimeControl "1800+10"]

1. e4 e5 2. Bc4 Bc5 3. Nc3 Nf6 4. d3 O-O 5. Nf3 Nc6 6. h3 h6 7. O-O a6 8. a3
d6 9. Kh1 Bd7 10. Be3 Bxe3 11. fxe3 Qc8 12. Qe2 Re8 13. Qf2 Rf8 14. Nh4 Rb8
15. Ng6 Re8 16. Nd5 Nxd5 17. Qxf7+ Kh7 18. Bxd5 Qd8 19. Rf3 Ne7 20. Nxe7
Rxe7 21. Qh5 Qe8 22. Bf7 Qd8 23. Rf6 Be8 24. Rxh6+ gxh6 25. Qg6+ Kh8 26.
Qxh6# {Black checkmated} 1-0

[Event "ICC tourney 2791 (30 10)"]
[Site "Internet Chess Club"]
[Date "2022.01.08"]
[Round "5"]
[White "CAO, DANIEL:danielcao"]
[Black "AYYAPPAN, ANUSHKA:Anushkaa"]
[Result "1-0"]
[ICCResult "Black checkmated"]
[WhiteElo "1210"]
[BlackElo "1303"]
[Opening "Giuoco Piano: Möller (Therkatz) attack"]
[ECO "C54"]
[NIC "IG.02"]
[Time "21:00:37"]
[PlyCount "39"]
[TimeControl "1800+10"]

1. e4 e5 2. Nf3 Nc6 3. Bc4 Bc5 4. c3 Nf6 5. d4 exd4 6. cxd4 Bb4+ 7. Nc3 Nxe4
8. O-O Bxc3 9. d5 Ne7 10. bxc3 O-O 11. Bg5 Nxg5 12. Nxg5 Ng6 13. Qh5 h6 14.
Nxf7 Kxf7 15. d6+ Kf6 16. g4 Ne7 17. dxe7 d6 18. exd8=Q+ Rxd8 19. f4 Bd7 20.
Qf7# {Black checkmated} 1-0

[Event "ICC tourney 2791 (30 10)"]
[Site "Internet Chess Club"]
[Date "2022.01.08"]
[Round "5"]
[White "BAI, JEFFREY:Jeffchess"]
[Black "BRUDNO, STEPHEN:StevChess01"]
[Result "1-0"]
[ICCResult "Black resigns"]
[WhiteElo "1174"]
[BlackElo "1440"]
[Opening "Sicilian: closed, 2...Nc6"]
[ECO "B23"]
[NIC "SI.44"]
[Time "21:01:22"]
[PlyCount "57"]
[TimeControl "1800+10"]

1. e4 c5 2. Nc3 Nc6 3. Bb5 Nd4 4. Bc4 a6 5. a3 d6 6. Nf3 Nf6 7. Nxd4 cxd4 8.
Nd5 Nxe4 9. Qf3 Nf6 10. Nxf6+ gxf6 11. Qh5 e6 12. O-O b5 13. Bd3 f5 14. Re1
Be7 15. b3 Bb7 16. Bb2 Qb6 17. Rxe6 Be4 18. Bxe4 fxe4 19. Rxe4 Qc5 20. Qxc5
dxc5 21. Rae1 Ra7 22. c3 Kd8 23. cxd4 Re8 24. dxc5 Rg8 25. b4 Rd7 26. Bd4 f5
27. Rxe7 Rxd4 28. Ra7 Re8 29. Ra8+ {Black resigns} 1-0

[Event "ICC tourney 2791 (30 10)"]
[Site "Internet Chess Club"]
[Date "2022.01.08"]
[Round "5"]
[White "AHN, WILLIAM TK:kitook"]
[Black "MOORE, ADAM:madamimadam"]
[Result "1-0"]
[ICCResult "Black checkmated"]
[WhiteElo "896"]
[BlackElo "1465"]
[Opening "Alekhine's defense"]
[ECO "B02"]
[NIC "AL.10"]
[Time "21:00:39"]
[PlyCount "75"]
[TimeControl "1800+10"]

1. e4 Nf6 2. Nc3 e6 3. d4 Bb4 4. Bd3 Nc6 5. Nf3 d5 6. e5 Nd7 7. O-O Ne7 8.
Ne2 c5 9. c3 Ba5 10. Nf4 a6 11. Be3 Qc7 12. dxc5 Nxc5 13. Bxc5 Qxc5 14. b4
Bxb4 15. cxb4 Qxb4 16. g3 b5 17. Qc2 Bd7 18. Rab1 Qa5 19. Qe2 O-O 20. Ng5
Ng6 21. Qh5 h6 22. Nxg6 fxg6 23. Qxg6 hxg5 24. Qh7+ Kf7 25. Bg6+ Ke7 26.
Qxg7+ Kd8 27. Qxf8+ Kc7 28. Qxa8 Bc6 29. Rbc1 Qb6 30. Qe8 Kb7 31. Qe7+ Kb8
32. Qxe6 Kb7 33. Qf7+ Kb8 34. e6 d4 35. e7 Bd7 36. Qf8+ Kb7 37. Be4+ Ka7 38.
Qa8# {Black checkmated} 1-0

[Event "ICC tourney 2791 (30 10)"]
[Site "Internet Chess Club"]
[Date "2022.01.08"]
[Round "5"]
[White "JIMENEZ, LUIS A:eltuna"]
[Black "MOK, ERWIN:bricksweat"]
[Result "1-0"]
[ICCResult "Black resigns"]
[WhiteElo "1519"]
[BlackElo "961"]
[Opening "Benkö gambit half accepted"]
[ECO "A57"]
[NIC "BI.43"]
[Time "21:00:30"]
[PlyCount "47"]
[TimeControl "1800+10"]

1. d4 Nf6 2. c4 c5 3. d5 b5 4. cxb5 a6 5. e3 axb5 6. Bxb5 Ba6 7. Bxa6 Nxa6
8. Nc3 d6 9. Nge2 g6 10. O-O Bg7 11. e4 O-O 12. Rb1 Qd7 13. a4 c4 14. f3 Nb4
15. b3 cxb3 16. Rxb3 Na6 17. Be3 Rfc8 18. Qb1 Qd8 19. Bb6 Qe8 20. a5 Nc5 21.
Rb5 Nfd7 22. Qa2 Na6 23. Na4 Rc4 24. Qxc4 {Black resigns} 1-0

[Event "ICC tourney 2791 (30 10)"]
[Site "Internet Chess Club"]
[Date "2022.01.08"]
[Round "5"]
[White "Elkon, Alex N:Sprinless"]
[Black "Sreekumar, Gauri:gsgirl"]
[Result "0-1"]
[ICCResult "White resigns"]
[WhiteElo "1681"]
[BlackElo "1448"]
[Opening "Sicilian: Canal-Sokolsky attack, Sokolsky variation"]
[ECO "B52"]
[NIC "SI.01"]
[Time "21:00:29"]
[PlyCount "44"]
[TimeControl "1800+10"]

1. e4 c5 2. Nf3 d6 3. Bb5+ Bd7 4. Bxd7+ Qxd7 5. c4 Nf6 6. Nc3 Nc6 7. d4 cxd4
8. Nxd4 g6 9. O-O Bg7 10. f3 O-O 11. Be3 Rac8 12. b3 a6 13. Re1 Nxd4 14.
Bxd4 b5 15. cxb5 e5 16. Rc1 exd4 17. Qxd4 Nxe4 18. Qxe4 Rfe8 19. Qh4 Bxc3
20. Rxe8+ Qxe8 21. Rd1 Qxb5 22. Rxd6 Qc5+ {White resigns} 0-1

[Event "ICC tourney 2791 (30 10)"]
[Site "Internet Chess Club"]
[Date "2022.01.08"]
[Round "5"]
[White "PRABHU, VARUN:varunprabhu"]
[Black "ZHAO, DANSON:K01-30127679"]
[Result "0-1"]
[ICCResult "White checkmated"]
[WhiteElo "864"]
[BlackElo "1110"]
[Opening "Giuoco Piano"]
[ECO "C54"]
[NIC "IG.02"]
[Time "21:01:22"]
[PlyCount "138"]
[TimeControl "1800+10"]

1. e4 e5 2. Nf3 Nc6 3. Bc4 Bc5 4. c3 Nf6 5. d4 exd4 6. cxd4 Bb4+ 7. Bd2 Nxe4
8. O-O d5 9. Bxb4 Nxb4 10. Qa4+ Nc6 11. Bb5 Bd7 12. Ne5 Nxe5 13. dxe5 c6 14.
Bd3 Nc5 15. Qd4 Nxd3 16. Qxd3 O-O 17. Re1 Qc7 18. Nd2 Rfe8 19. Qg3 Bf5 20.
Qf4 Bg6 21. Qg3 Re6 22. Re3 Qb6 23. Rb3 Qc7 24. Re3 Rae8 25. Rae1 R8e7 26.
Nf3 Be4 27. Ng5 Rg6 28. Qf4 Qxe5 29. Qxe5 Rxe5 30. Nxe4 dxe4 31. Rxe4 Rxe4
32. Rxe4 Kf8 33. Rd4 Ke7 34. Kf1 Rd6 35. Rh4 h6 36. Rg4 g6 37. Ra4 a6 38.
Rb4 b5 39. Rb3 Re6 40. Ra3 c5 41. Rc3 c4 42. b3 Rc6 43. bxc4 Rxc4 44. Rxc4
bxc4 45. Ke2 Kd6 46. Kd2 Kd5 47. Kc3 Kc5 48. Kc2 Kd4 49. Kc1 c3 50. f3 f5
51. g4 fxg4 52. fxg4 a5 53. Kc2 Kc4 54. a3 a4 55. h3 g5 56. Kb1 Kb3 57. Kc1
c2 58. Kd2 Kb2 59. Ke2 c1=Q 60. h4 Qc4+ 61. Kf3 Qd4 62. hxg5 hxg5 63. Kg3
Qf4+ 64. Kg2 Kc2 65. Kg1 Qd2 66. Kh1 Kd3 67. Kg1 Ke3 68. Kh1 Kf3 69. Kg1
Qg2# {White checkmated} 0-1

[Event "ICC tourney 2791 (30 10)"]
[Site "Internet Chess Club"]
[Date "2022.01.08"]
[Round "5"]
[White "Doan Giang, Nguyen Doan:Doctorstrange04"]
[Black "GOVINDARAJULA, PRANAY SIDDHARTH:K06-17345554"]
[Result "1-0"]
[ICCResult "Black resigns"]
[WhiteElo "1575"]
[BlackElo "1543"]
[Opening "Nimzovich-Larsen attack: classical variation"]
[ECO "A01"]
[NIC "VO.08"]
[Time "21:00:26"]
[PlyCount "131"]
[TimeControl "1800+10"]

1. b3 d5 2. Bb2 Nc6 3. Nf3 Nf6 4. g3 Bf5 5. Bg2 e6 6. O-O Bc5 7. d4 Be7 8.
Ne5 Nxe5 9. dxe5 Nd7 10. Nd2 h5 11. c4 c6 12. Rc1 h4 13. cxd5 cxd5 14. e4
dxe4 15. Nxe4 Bxe4 16. Bxe4 hxg3 17. fxg3 Qb6+ 18. Bd4 Bc5 19. Rxc5 Nxc5 20.
Qf3 Rf8 21. Rc1 Rc8 22. Qe3 Rh8 23. Bxc5 Qc7 24. Bd3 a6 25. Be4 Rh5 26. Rc4
b5 27. Bd6 Qd7 28. Rc5 f5 29. Bf3 Rh6 30. h4 Kf7 31. Rxc8 Qxc8 32. Qa7+ Kg6
33. Qc7 Qxc7 34. Bxc7 Rh8 35. Bb7 f4 36. Kg2 fxg3 37. Kxg3 Kf7 38. a4 bxa4
39. bxa4 a5 40. Bxa5 Rb8 41. Bc6 Rb3+ 42. Kf4 Ke7 43. Bb5 Rb2 44. Bc7 Rb4+
45. Kg5 Kf7 46. Bd6 Rb1 47. h5 Rg1+ 48. Kf4 g5+ 49. hxg6+ Kxg6 50. Bd3+ Kf7
51. a5 Ra1 52. a6 Ke8 53. Bb8 Kd8 54. a7 Kc8 55. Be4 Rf1+ 56. Kg3 Ra1 57.
Kf4 Rf1+ 58. Kg5 Ra1 59. Kf6 Ra6 60. a8=Q Rxa8 61. Bxa8 Kxb8 62. Kxe6 Kxa8
63. Kd7 Kb7 64. e6 Kb6 65. e7 Kb5 66. e8=Q {Black resigns} 1-0

[Event "ICC tourney 2791 (30 10)"]
[Site "Internet Chess Club"]
[Date "2022.01.08"]
[Round "5"]
[White "QIAN, BOBBY:math54321"]
[Black "Mason, Mike W:MikeWMason"]
[Result "1-0"]
[ICCResult "Black resigns"]
[WhiteElo "1610"]
[BlackElo "1550"]
[Opening "Sicilian: Canal-Sokolsky attack, 3...Bd7"]
[ECO "B52"]
[NIC "SI.01"]
[Time "21:00:32"]
[PlyCount "95"]
[TimeControl "1800+10"]

1. e4 c5 2. Nf3 d6 3. Bb5+ Bd7 4. Bxd7+ Nxd7 5. O-O Ngf6 6. Re1 g6 7. c3 Bg7
8. d4 cxd4 9. cxd4 e5 10. dxe5 dxe5 11. Nc3 O-O 12. Bg5 h6 13. Be3 a6 14.
Qd6 Re8 15. Rad1 Bf8 16. Qd2 Kh7 17. a4 Qc7 18. Nd5 Nxd5 19. Qxd5 Nf6 20.
Qb3 Qe7 21. Bb6 Kg7 22. Rc1 Qb4 23. Qxb4 Bxb4 24. Re2 Rac8 25. Rec2 Rxc2 26.
Rxc2 Nxe4 27. Rc4 Bd6 28. Rxe4 Rc8 29. g3 Rc1+ 30. Kg2 Rc2 31. Nxe5 f5 32.
Re1 Bxe5 33. Rxe5 Kf7 34. Bd4 Rc4 35. Bc5 Rxa4 36. Re7+ Kf6 37. Rxb7 f4 38.
b4 a5 39. Ra7 Ra3 40. bxa5 f3+ 41. Kh3 Ra4 42. a6 Kg5 43. Ra8 Kh5 44. a7 g5
45. Rg8 g4+ 46. Rxg4 Rxa7 47. Rh4+ Kg5 48. Bxa7 {Black resigns} 1-0

[Event "ICC tourney 2791 (30 10)"]
[Site "Internet Chess Club"]
[Date "2022.01.08"]
[Round "5"]
[White "SUDHAKAR, SNEGAPRANEETH :Ninthexpert"]
[Black "AMMASANI, SMAYAN:Chessamma"]
[Result "0-1"]
[ICCResult "White forfeits on time"]
[WhiteElo "1293"]
[BlackElo "1546"]
[Opening "QGD: Cambridge Springs defense"]
[ECO "D52"]
[NIC "QO.15"]
[Time "21:00:31"]
[PlyCount "96"]
[TimeControl "1800+10"]

1. d4 d5 2. c4 e6 3. Nc3 Nf6 4. Bg5 Nbd7 5. Nf3 c6 6. e3 Qa5 7. Qd2 Bb4 8.
Rc1 Ne4 9. Qc2 Qxa2 10. Bd3 Nxg5 11. Nxg5 h6 12. O-O Qa5 13. Nf3 Bd6 14. c5
Be7 15. Ra1 Qc7 16. b4 b6 17. Ba6 Bb7 18. Ra2 O-O 19. Rfa1 Rfb8 20. e4 bxc5
21. bxc5 Bxa6 22. Rxa6 Rb7 23. g3 Bf8 24. e5 Nb8 25. R6a3 a5 26. Qa2 Rba7
27. Nd2 Be7 28. Nb3 Bd8 29. Na4 Nd7 30. Nd2 Rb7 31. Nb3 Rba7 32. Qd2 Qb7 33.
Qb2 Qa6 34. Rb1 Rb7 35. Qc2 Rab8 36. Ra2 Qc4 37. Qxc4 dxc4 38. Rab2 Rxb3 39.
Rxb3 Rxb3 40. Rxb3 cxb3 41. Kf1 Nb8 42. Ke2 Na6 43. Kd3 Nb4+ 44. Kc3 Nd5+
45. Kxb3 Kh7 46. Kc4 Kg6 47. Kd3 Kf5 48. f3 Bg5 {White forfeits on time} 0-1

[Event "ICC tourney 2791 (30 10)"]
[Site "Internet Chess Club"]
[Date "2022.01.08"]
[Round "5"]
[White "LIU, AARON Y.:werwer119"]
[Black "PANDHARE, PARTH:ParthP2003"]
[Result "1/2-1/2"]
[ICCResult "Game drawn by repetition"]
[WhiteElo "1342"]
[BlackElo "1571"]
[Opening "Sicilian: Grand Prix attack"]
[ECO "B23"]
[NIC "SI.44"]
[Time "21:00:29"]
[PlyCount "131"]
[TimeControl "1800+10"]

1. e4 c5 2. Nc3 Nc6 3. f4 g6 4. Nf3 Bg7 5. Bb5 d6 6. Bxc6+ bxc6 7. O-O e6 8.
d3 Ne7 9. Qe1 O-O 10. Qh4 d5 11. e5 Re8 12. Bd2 Qb6 13. Na4 Qb5 14. b3 Nf5
15. Qf2 c4 16. dxc4 dxc4 17. Qc5 cxb3 18. cxb3 Ba6 19. Rfd1 Qxc5+ 20. Nxc5
Be2 21. Re1 Bxf3 22. gxf3 Red8 23. Rad1 Rd5 24. Ne4 Rad8 25. Re2 Rd3 26. Kf2
Nd4 27. Re3 Nf5 28. Rxd3 Rxd3 29. Ke2 Rd8 30. Rc1 Rc8 31. Ba5 Bh6 32. Nd6
Rb8 33. Nxf5 gxf5 34. Ke3 Rc8 35. Bb4 Bg7 36. Be7 h6 37. h4 h5 38. Rg1 Kh7
39. Kd4 Bh6 40. Bg5 c5+ 41. Kc4 a6 42. Bxh6 Kxh6 43. Rg5 Rd8 44. Kxc5 Rd2
45. Rg8 Rxa2 46. Ra8 Rc2+ 47. Kd4 Ra2 48. Ra7 Kg6 49. Kc4 Rh2 50. Rxa6 Rxh4
51. b4 Rxf4+ 52. Kc5 h4 53. b5 h3 54. Ra8 Kg7 55. b6 h2 56. Ra1 Rxf3 57. Rb1
Rg3 58. Rh1 Rc3+ 59. Kd6 Rc2 60. b7 Rb2 61. Kc7 Rc2+ 62. Kd6 Rb2 63. Kc7
Rc2+ 64. Kd6 Rd2+ 65. Kc7 Rc2+ 66. Kd6 {Game drawn by repetition} 1/2-1/2